AoeStats
← King of Manzairra

Arena

505349922Analyzed
3v3 RM · 23d ago on Sep 9, 2026· 52m 7s· 6 players
Game mode
Random Map
Map size
Normal (6 player)
Population
200
Speed
Normal
Resources
Standard
Victory
Conquest
Starting age
Dark Age
Ending age
Imperial Age
RankedLock teamsTeams togetherTeam positionsShared explorationLock speedFull tech treeHidden civsTurbo modeCheats
Victory
Defeat
🇨🇱 Teutons · Chile
1454
+15
🇨🇱 Khmer · Chile
1435
+15
🇨🇱 Japanese · Chile
1286
+21
🇨🇦 Jurchens · Canada
1545
-21
🇨🇦 Spanish · Canada
1480
-20
🇨🇦 Teutons · Canada
1225
-10
[KKCK]nachoalbo_
11:11 Feudal Age
14:26 Castle Age
13:59 Gold Mining
14:25 Double-Bit Axe
14:23 Horse Collar
20:08 Bow Saw
22:09 Wheelbarrow
21:54 Heavy Plow
24:26 Hand Cart
25:38 Gold Shaft Mining
26:32 Stone Mining
30:34 Imperial Age
28:38 Bloodlines
28:28 Husbandry
28:27 Town Watch
28:37 Loom
29:14 Scale Barding Armor
29:20 Forging
29:53 Stone Shaft Mining
30:23 Chain Barding Armor
30:58 Elite Battle Elephant
33:04 Iron Casting
34:05 Plate Barding Armor
34:22 Crop Rotation
37:24 Blast Furnace
37:37 Fletching
38:49 Tusk Swords
39:10 Conscription
39:04 Devotion
39:54 Coinage
42:43 Hoardings
46:05 Bodkin Arrow
46:33 Ballistics
47:14 Chemistry
46:21 Siege Engineers
46:11 Murder Holes
49:40 Guard Tower
50:48 Hoardings
51:36 Keep
51:49 Masonry
john wick
11:01 Feudal Age
12:46 Wheelbarrow
15:27 Castle Age
14:35 Double-Bit Axe
14:34 Horse Collar
20:10 Squires
21:59 Scale Mail Armor
22:09 Forging
23:00 Fletching
24:19 Fervor
25:20 Bodkin Arrow
25:49 Arson
25:49 Gambesons
26:21 Town Watch
26:22 Loom
27:34 Ballistics
28:26 Chain Mail Armor
30:12 Bow Saw
32:13 Iron Casting
44:31 Imperial Age
47:51 Chemistry
46:33 Treadmill Crane
47:28 Plate Mail Armor
46:58 Capped Ram
48:12 Hand Cart
49:01 Blast Furnace
48:33 Bracer
49:39 Two-Man Saw
49:29 Elite Samurai
[KKCK]Erdinger_CLs
5:44 Loom
9:05 Feudal Age
23:06 Horse Collar
23:18 Double-Bit Axe
27:57 Castle Age
26:07 Gold Mining
26:46 Stone Mining
28:17 Wheelbarrow
40:08 Heavy Plow
40:47 Bow Saw
41:58 Hand Cart
42:20 Forging
42:16 Scale Barding Armor
45:14 Imperial Age
43:55 Stone Shaft Mining
44:09 Chain Barding Armor
44:25 Iron Casting
45:17 Bloodlines
45:31 Cavalier
46:49 Plate Barding Armor
47:15 Blast Furnace
47:00 Crop Rotation
48:32 Onager
50:15 Chemistry
49:36 Ballistics
49:26 Heavy Scorpion
Retired SweatLord
5:04 Loom
21:00 Feudal Age
25:04 Castle Age
23:25 Double-Bit Axe
28:12 Siege Engineers
30:41 Ballistics
36:04 Fortified Wall
36:52 Horse Collar
45:32 Imperial Age
44:51 Wheelbarrow
44:01 Town Watch
45:34 Fletching
46:08 Heavy Scorpion
49:12 Chemistry
The Deusifex Wil
1:48 Loom
12:25 Feudal Age
13:32 Horse Collar
14:29 Double-Bit Axe
21:43 Castle Age
20:00 Gold Mining
21:38 Scale Mail Armor
21:49 Forging
21:29 Fletching
21:32 Town Watch
21:49 Pikeman
22:33 Squires
23:10 Heavy Plow
23:17 Arson
23:57 Chain Mail Armor
24:13 Bow Saw
26:48 Wheelbarrow
28:03 Iron Casting
30:05 Hand Cart
30:23 Fortified Wall
32:49 Imperial Age
30:35 Masonry
31:05 Stone Mining
31:35 Gambesons
34:09 Devotion
34:47 Town Patrol
35:12 Ballistics
34:59 Siege Engineers
35:55 Chemistry
36:04 Two-Man Saw
34:33 Man-at-Arms
34:40 Halberdier
34:44 Man-at-Arms
35:22 Fletching
36:33 Fervor
39:19 Plate Mail Armor
39:49 Blast Furnace
38:47 Bodkin Arrow
40:23 Guilds
43:22 Crenellations
43:39 Hoardings
42:41 Elite Teutonic Knight
44:35 Conscription
King of Manzairra
9:39 Feudal Age
10:19 Feudal Age
10:25 Loom
14:35 Castle Age
13:01 Double-Bit Axe
16:39 Horse Collar
23:10 Wheelbarrow
23:44 Town Watch
24:10 Heavy Plow
24:22 Bow Saw
26:35 Padded Archer Armor
30:30 Imperial Age
29:02 Husbandry
29:13 Bloodlines
29:27 Hand Cart
30:09 Gold Mining
30:10 Stone Mining
30:38 Elite Conquistador
35:35 Conscription
35:38 Supremacy
47:00 Fletching
47:17 Scale Barding Armor
47:23 Forging
47:21 Scale Barding Armor
47:09 Fletching
46:46 Light Cavalry
49:22 Hussar
51:13 Chain Barding Armor
51:43 Iron Casting
Connection lost

Rejoining the realm…

Still unreachable

The connection could not be restored.

Session expired

The server has moved on; the page needs a fresh start.